 Dungeon Crawl Stone Soup version 0.20.1-1-g8b1a95d66d (webtiles) character file.

432 Popi the Slasher (level 7, -7/55 HPs)
             Began as a Human Fighter on Dec 18, 2017.
             Killed by divine providence
             ... invoked by an orc priest
              (13 damage)
             ... on level 4 of the Dungeon.
             The game lasted 00:05:29 (3154 turns).

Popi the Slasher (Human Fighter)                    Turns: 3154, Time: 00:05:30

Health: -7/55      AC:  9    Str: 24    XL:     7   Next: 20%
Magic:  8/8        EV:  9    Int:  8    God:
Gold:   229        SH:  0    Dex: 12    Spells: 8/8 levels left

rFire    . . .     SeeInvis .   a - +0 long sword
rCold    . . .     Gourm    .   (no shield)
rNeg     . . .     Faith    .   b - +0 scale mail
rPois    .         Spirit   .   (no helmet)
rElec    .         Reflect  .   (no cloak)
rCorr    .         Harm     .   y - +0 pair of gloves
MR       .....                  v - +0 pair of boots
Stlth    ..........             (no amulet)
Regen    0.2/turn               (no ring)
MPRegen  0.2/turn               (no ring)

@: mighty
A: no striking features
a: no special abilities


You were on level 4 of the Dungeon.
You were hungry.

You visited 1 branch of the dungeon, and saw 4 of its levels.

You collected 229 gold pieces.

Inventory:

Hand Weapons
 a - a +0 long sword (weapon)
Armour
 b - a +0 scale mail (worn)
 c - a +0 shield
 v - a +0 pair of boots (worn)
 y - a +0 pair of gloves (worn)
Jewellery
 m - an uncursed amulet of faith
Wands
 q - a wand of random effects (15/48)
 u - a wand of scattershot (0/9)
Scrolls
 e - a scroll of magic mapping {unknown}
 g - a scroll of enchant armour {unknown}
 k - 3 scrolls of teleportation {unknown}
 l - 3 scrolls of identify {unknown}
 r - a scroll of remove curse {unknown}
 s - a scroll of blinking {unknown}
Potions
 d - a potion of might
 h - 4 potions of curing {unknown}
 j - a potion of agility {unknown}
 n - a potion of heal wounds {unknown}
 o - 2 potions of magic {unknown}
 t - a potion of mutation {unknown}
 w - a potion of haste
 x - a potion of ambrosia {unknown}
 z - a potion of flight {unknown}
 A - a potion of lignification {unknown}
Books
 B - a book of Minor Magic

   Spells                             Type                      Level
   a - Magic Dart                     Conjuration                  1
   b - Blink                          Translocation                2
   c - Call Imp                       Summoning                    2
   d - Slow                           Hexes                        2
   e - Conjure Flame                  Conjuration/Fire             3
   f - Mephitic Cloud                 Conjuration/Poison/Air       3
Comestibles
 f - 4 bread rations
 i - 2 meat rations
 p - a royal jelly


   Skills:
 * Level 4.3 Fighting
 + Level 4.9 Long Blades
 * Level 4.9 Armour
 - Level 3.0 Shields
 - Level 1.0 Spellcasting


You had 8 spell levels left.
You didn't know any spells.

Dungeon Overview and Level Annotations

Branches:
Dungeon (4/15)
 Temple: D:4-7

Altars:
Ashenzari
Makhleb


Message History

You feel very mighty all of a sudden.
The orc wizard hits you but does no damage. x2
You completely miss the orc wizard. The orc wizard barely misses you.
The orc wizard misses you.
You slash the orc wizard!
The orc wizard is heavily wounded.
The orc wizard hits you with a dagger.
* * * LOW HITPOINT WARNING * * *
An adder comes into view.
The adder hisses angrily.
You slice the orc wizard!!
You kill the orc wizard!
You closely miss the orc. The orc hits you but does no damage.
The orc barely misses you.
You hit the orc.
The orc is heavily wounded.
The orc barely misses you. x3; The orc hits you but does no damage.
The orc priest mumbles some strange prayers to Beogh against you.
Beogh smites you!
You die...

#
#..##.##...........#
#.
##†.##.##.########..#
#.##...##.##.# #..#
#.......#.##.# ##..#
#.........##.# #...#
###.........##.#
#..##
...........###.#
##..#
#..(.....####.##
#(..#
..#.....oSoo@..#
#..##
#...##.#######.# #..#
. ##.# #.# # #..# .
#. #.# #.## #..# #
... ...# #..# #..
##..####..##### ####
.............#
#..#########.# #..#
#.#


You could see an orc priest, an adder and 2 orcs.

Vanquished Creatures
  A crimson imp (D:4)
  A bullfrog zombie (D:3)
  3 orc priests (D:4)
  A hound (D:4)
  3 orc wizards (D:4)
  Ijyb (D:2)
  A worker ant (D:4)
  4 adders
  A howler monkey skeleton (D:4)
  2 dart slugs
  2 worms (D:3)
  4 leopard geckos
  5 orcs
  8 bats
  10 goblins
  6 hobgoblins
  4 jackals (D:2)
  A quokka (D:3)
  A frilled lizard (D:4)
  3 kobolds
  A leopard gecko skeleton (D:4)
  7 rats
70 creatures vanquished.

Notes
Turn   | Place    | Note
-------+----------+-------------------------------------------
     0 | D:1      | Popi the Human Fighter began the quest for the Orb.
     0 | D:1      | Reached XP level 1. HP: 18/18 MP: 1/1
   109 | D:1      | Reached XP level 2. HP: 24/24 MP: 2/2
   600 | D:2      | Found a shattered altar of Ashenzari.
   633 | D:2      | Reached XP level 3. HP: 25/29 MP: 3/3
  1134 | D:2      | Noticed Ijyb
  1160 | D:2      | Killed Ijyb
  1160 | D:2      | Reached XP level 4. HP: 25/35 MP: 4/4
  1600 | D:3      | Found a burning altar of Makhleb.
  1644 | D:3      | Reached skill level 1 in Spellcasting
  1682 | D:3      | Reached XP level 5. HP: 18/41 MP: 6/6
  1717 | D:3      | HP: 2/41 [poisoned by an adder]
  2665 | D:4      | Reached XP level 6. HP: 30/48 MP: 7/7
  3036 | D:4      | Reached XP level 7. HP: 52/54 MP: 8/8
  3154 | D:4      | Killed from afar by an orc priest

Skill      XL: |  1  2  3  4  5  6 |
---------------+-------------------+-----
Long Blades    | 3 4 |  4.9
Spellcasting   | 1 |  1.0
Armour         | 4 |  4.9
Fighting       | 4 |  4.3
Shields        | |  3.0

Action                   |  1- 3 |  4- 6 |  7- 9 || total
-------------------------+-------+-------+-------++-------
Melee: Long sword        |    94 |   149 |    30 ||   273
Evoke: Wand              |       |     2 |       ||     2
  Use: Potion            |       |       |     1 ||     1
  Eat: Chunk             |       |     7 |       ||     7
Armor: Scale mail        |    65 |   102 |    12 ||   179
Dodge: Dodged            |    67 |    57 |    23 ||   147
       Rpst.: Long sword |    19 |    18 |     5 ||    42
